 Dungeon Crawl Stone Soup version 0.19.0-11-g3fc08b3 (webtiles) character file.

415 MovingMist the Shield-Bearer (level 6, -2/39 HPs)
             Began as a Gargoyle Fighter on Nov 9, 2016.
             Slain by Sigmund
             ... wielding a +0 scythe
              (8 damage)
             ... on level 4 of the Dungeon.
             The game lasted 00:08:40 (2526 turns).

MovingMist the Shield-Bearer (Gargoyle Fighter)     Turns: 2526, Time: 00:08:41

Health: -2/39      AC: 12    Str: 25    XL:     6   Next: 91%
Magic:  6/6        EV: 11    Int:  8    God:
Gold:   44         SH: 10    Dex: 11    Spells: 0 memorised, 5 levels left

rFire  . . .     SeeInvis .     a - +0 flail
rCold  . . .     Gourm    .     b - +0 scale mail
rNeg   + + .     Faith    .     c - +0 shield
rPois  ∞         Spirit   .     (no helmet)
rElec  +         Reflect  .     l - +0 cloak
rCorr  .         Harm     .     (no gloves)
MR     .....                    (no boots)
Stlth  ..........               (no amulet)
                                (no ring)
                                A - ring of positive energy

@: mighty
A: repulsion field 1, negative energy resistance 1, electricity resistance,
unbreathing, petrification resistance, rot immunity, AC +4
a: no special abilities


You were on level 4 of the Dungeon.
You were not hungry.

You visited 1 branch of the dungeon, and saw 5 of its levels.

You collected 242 gold pieces.
You spent 198 gold pieces at shops.

Inventory:

Hand Weapons
 a - a +0 flail (weapon)
Missiles
 k - a throwing net (quivered)
Armour
 b - a +0 scale mail (worn)
 c - a +0 shield (worn)
 l - a +0 cloak (worn)
Jewellery
 A - a ring of positive energy (left hand)
Scrolls
 e - a scroll of magic mapping {unknown}
 m - 2 scrolls of fear {unknown}
 o - a scroll of teleportation {unknown}
 r - a scroll of enchant armour {unknown}
 s - 3 scrolls of identify {unknown}
 t - a scroll of enchant weapon {unknown}
 x - a scroll of fog {unknown}
 y - a scroll of random uselessness {unknown}
Potions
 d - 4 potions of brilliance {unknown}
 g - a potion of agility {unknown}
 h - a potion of lignification {unknown}
 i - a potion of ambrosia {unknown}
 j - 2 potions of degeneration {unknown}
 n - 2 potions of haste {unknown}
 q - 2 potions of flight {unknown}
 u - a potion of heal wounds {unknown}
 B - 2 potions of curing
 C - a potion of might
Comestibles
 f - a bread ration
 p - a meat ration
 v - a fruit
 w - a beef jerky
 z - 7 chunks of flesh


   Skills:
 + Level 4.4 Fighting
 + Level 3.6 Maces & Flails
 - Level 3.2 Armour
 * Level 3.4 Dodging
 + Level 4.8 Shields


You had 5 spell levels left.
You didn't know any spells.

Dungeon Overview and Level Annotations

Branches:
Dungeon (5/15)
 Temple: D:4-7

Altars:

Shops:
D:4 !

Annotations:
D:4 Sigmund


Innate Abilities, Weirdness & Mutations

You are resistant to torment.
Your stone body is resilient. (AC +4)
You are immune to poison.
You resist negative energy. (rN+)
You are resistant to electric shocks. (rElec)
You can survive without breathing.
You are immune to petrification.
You are immune to rotting.
You are surrounded by a mild repulsion field. (EV +2)


Message History

You block the puff of flame.
You closely miss Sigmund.
Sigmund is severely wounded.
Sigmund hits you with a scythe.
* * * LOW HITPOINT WARNING * * *
You hit Sigmund.
Sigmund is almost dead.
Sigmund completely misses you. Sigmund hits you but does no damage.
Sorry, you're not good enough to have a special ability.
You feel very mighty all of a sudden. Sigmund misses you.
You completely miss Sigmund.
Sigmund is almost dead.
Sigmund is no longer moving quickly.
Sigmund points at you and mumbles some strange words.
You block the puff of flame.
You closely miss Sigmund.
Sigmund is almost dead.
Sigmund hits you with a scythe!
You die...

...# ### ####..# ...
.....# ####.####
#...# #.......###...#
#..........# .#.
####.###.()#
.....#####†###..(####
.........@@.......(.#
#..#............##.##
.................#.#
.....#...#.#######.#
.....#...#.# #.#
............ #.#
##.####.##.#. #.# ..
.....#.# #.# #.#


You could see Sigmund.

Vanquished Creatures
  The ghost of baljet the Digger, an amateur GrEE (D:3)
  A crimson imp (D:5)
  An orc priest (D:4)
  Crazy Yiuf (D:2)
  A centaur skeleton (D:4)
  A howler monkey skeleton (D:4)
  5 adders
  2 oozes
  2 worms (D:3)
  2 dart slugs
  2 leopard geckos (D:3)
  3 orcs
  3 giant cockroaches
  3 goblins (D:2)
  6 hobgoblins
  8 jackals
  5 quokkas
  A ball python (D:1)
  A bat (D:1)
  5 frilled lizards
  6 kobolds
  6 rats
  A fungus (D:2)
67 creatures vanquished.

Vanquished Creatures (others)
  A hobgoblin (D:2)
  A frilled lizard (D:2)
2 creatures vanquished.

Grand Total: 69 creatures vanquished

Notes
Turn   | Place    | Note
-------+----------+-------------------------------------------
     0 | D:1      | MovingMist the Gargoyle Fighter began the quest for the Orb.
     0 | D:1      | Reached XP level 1. HP: 14/14 MP: 1/1
    94 | D:1      | Reached XP level 2. HP: 19/19 MP: 2/2
   175 | D:1      | Reached skill level 1 in Dodging
   431 | D:1      | Reached XP level 3. HP: 23/23 MP: 3/3
   668 | D:2      | Found a faded altar of an unknown god.
  1055 | D:2      | Reached XP level 4. HP: 21/28 MP: 4/4
  1243 | D:2      | Found a runed door.
  1247 | D:2      | Noticed Crazy Yiuf
  1251 | D:2      | Killed Crazy Yiuf
  1569 | D:3      | Noticed baljet's ghost (amateur GrEE)
  1585 | D:3      | Killed baljet's ghost
  1585 | D:3      | Reached XP level 5. HP: 21/33 MP: 5/5
  1585 | D:3      | Reached XP level 6. HP: 24/38 MP: 6/6
  1912 | D:3      | You fall through a shaft for 2 floors!
  1912 | D:5      | Entered Level 5 of the Dungeon
  2404 | D:4      | Found Gotre's Distillery.
  2409 | D:4      | Bought a potion of curing for 36 gold pieces
  2409 | D:4      | Bought a potion of might for 48 gold pieces
  2409 | D:4      | Bought a potion of mutation for 30 gold pieces
  2409 | D:4      | Bought a potion of curing for 36 gold pieces
  2409 | D:4      | Bought a potion of might for 48 gold pieces
  2409 | D:4      | Gained mutation: You are surrounded by a mild repulsion field. (EV +2) [potion of mutation]
  2409 | D:4      | Gained mutation: Your mind is acute. (Int +2) [potion of mutation]
  2409 | D:4      | Lost mutation: Your mind is acute. (Int +2) [potion of mutation]
  2490 | D:4      | Noticed Sigmund
  2526 | D:4      | Slain by Sigmund

Skill      XL: |  1  2  3  4 |
---------------+-------------+-----
Dodging        | 1 3 |  3.4
Shields        | 4 |  4.8
Fighting       | 4 |  4.4
Maces & Flails | 3 |  3.6
Armour         | |  3.2

Action                   |  1- 3 |  4- 6 || total
-------------------------+-------+-------++-------
Melee: Flail             |   103 |   243 ||   346
  Use: Potion            |       |     3 ||     3
  Eat: Chunk             |     1 |     5 ||     6
Armor: Scale mail        |    53 |   120 ||   173
Dodge: Dodged            |    35 |    70 ||   105
Block: Shield            |    60 |   124 ||   184
